 Dungeon Crawl Stone Soup version 0.30.2 (webtiles) character file.

Game seed: 12263583108379506868

310 porpoise the Shooter (level 6, 0/48 HPs)
             Began as a Demonspawn Hunter on Jan 30, 2024.
             Slain by an ufetubus (4 damage)
             ... on level 4 of the Dungeon.
             The game lasted 00:09:46 (3813 turns).

porpoise the Shooter (Demonspawn Hunter)            Turns: 3813, Time: 00:09:47

Health: 0/48       AC:  9    Str: 11    XL:     6   Next: 17%
Magic:  6/6        EV: 13    Int: 10    God:
Gold:   267        SH:  4    Dex: 25    Spells: 5/5 levels left

rFire   . . .        a - +1 shortbow
rCold   . . .        (shield currently unavailable)
rNeg    + . .        l - +2 robe {rN+}
rPois   .            (no helmet)
rElec   +            v - +0 cloak
rCorr   .            (no gloves)
SInv    .            (no boots)
Will    .....        (no amulet)
Stlth   ++           q - +6 ring of dexterity
HPRegen 0.28/turn    (no ring)
MPRegen 0.10/turn

%: no passive effects
@: no status effects
A: thin metallic scales 3, condensation shield
a: no special abilities


You were on level 4 of the Dungeon.
You visited 1 branch of the dungeon, and saw 5 of its levels.

You collected 267 gold pieces.

Inventory:

Hand Weapons
 a - a +1 shortbow (weapon)
 b - a +0 short sword
 x - a +4 long sword of flaming
Missiles
 j - 11 poisoned darts
Armour
 h - an orb of mayhem
 l - a +2 robe of positive energy (worn)
 v - a +0 cloak (worn)
Jewellery
 i - a ring of wizardry
 m - an amulet of magic regeneration
 q - a +6 ring of dexterity (left hand)
Scrolls
 d - a scroll of poison
 e - a scroll of blinking
 f - a scroll of enchant weapon
 k - 3 scrolls of immolation
 p - a scroll of magic mapping {unknown}
 t - 2 scrolls of teleportation
 u - a scroll of silence {unknown}
 w - a scroll of amnesia {unknown}
Potions
 c - a potion of flight
 g - 3 potions of curing
 n - 4 potions of attraction
 o - 2 potions of haste
 r - 2 potions of brilliance
 s - 2 potions of might
 z - a potion of mutation


   Skills:
 + Level 4.0 Fighting
 * Level 6.0 Ranged Weapons
 - Level 1.7 Dodging
 - Level 0.8 Stealth


You had 5 spell levels left.
You didn't know any spells.
Your spell library contained the following spells:

 Spells                   Type           Power      Damage    Failure   Level
 Apportation              Tloc           0%         N/A       36%         1
 Necrotise                Necr           0%         1d4       36%         1
 Summon Small Mammal      Summ           0%         N/A       36%         1
 Ensorcelled Hibernation  Hex/Ice        0%         N/A       50%         2
 Spider Form              Tmut/Pois      0%         N/A       75%         3
 Anguish                  Hex/Necr       0%         N/A       98%         4


Dungeon Overview and Level Annotations

Branches:
Dungeon (5/15)
 Temple: D:4-7

Altars:
Ashenzari

Shops:
D:2 ((

Annotations:
D:3 Ijyb


Innate Abilities, Weirdness & Mutations

You are completely covered in thin metallic scales. (AC +4, rElec)
A meltable shield of frost defends you. (SH +4)


Message History

You shoot an arrow.
The arrow hits the ufetubus but does no damage.
The ufetubus is almost dead.
The ufetubus closely misses you. The ufetubus misses you.
The gnoll sergeant barely misses you. You block the ufetubus's attack. x2
You shoot an arrow. The arrow misses the ufetubus.
The ufetubus barely misses you. x2; The gnoll closely misses you.
The gnoll sergeant hits you but does no damage.
The ufetubus misses you. You block the ufetubus's attack.
The gnoll sergeant hits you from afar with a +0 spear!
The gnoll barely misses you.
You shoot an arrow.
The arrow hits the ufetubus but does no damage.
The ufetubus is almost dead.
The ufetubus closely misses you. x2; The gnoll hits you but does no damage.
The gnoll sergeant hits you from afar with a +0 spear!
The ufetubus misses you. x2
Unknown command.
The gnoll attacks as you move away! The gnoll misses you.
A gnoll comes into view. It is wielding a +0 flail.
You see here a hound corpse.
The ufetubus hits you. The ufetubus misses you.
The gnoll sergeant hits you from afar with a +0 spear!
* * * LOW HITPOINT WARNING * * *
The ufetubus closely misses you. The ufetubus barely misses you.
There is a stone staircase leading up, spattered with blood here.
The ufetubus hits you.
* * * LOW HITPOINT WARNING * * *
The ufetubus hits you but does no damage.
The gnoll sergeant hits you from afar with a +0 spear.
* * * LOW HITPOINT WARNING * * *
The gnoll misses you.
You climb upwards.
There is a stone staircase leading down here.
You shoot an arrow. The arrow closely misses the gnoll.
The ufetubus hits you but does no damage.
The ufetubus closely misses you. The gnoll hits you with a +0 club.
* * * LOW HITPOINT WARNING * * *
You block the ufetubus's attack. The ufetubus hits you.
You die...

#.#...##.#####..##
##...........
#...####.# #.##
##.....####.
##.......# #.#
##...## ## #[#######
#.# ##'## #[# #>#
#.# #.# #.#
##.####### #.# #.#
#......... #.#
#.#########...#####.
##.#
#.g@5..........## #.
...#
#########.......# #.
#### ###..##.###.
#..##.....
#.........
##.####### #.#
########.#
#........# #####


You could see a gnoll and an ufetubus.

Vanquished Creatures
  A hound (D:5)
  An orc priest (D:4)
  Jessica (D:2)
  Terence (D:2)
  An orc wizard (D:4)
  5 gnolls
  4 adders
  A white imp (D:3)
  A worm (D:4)
  4 dart slugs
  3 orcs (D:4)
  8 ball pythons
  3 bats
  6 endoplasms
  2 giant cockroaches
  8 goblins
  10 hobgoblins
  5 kobolds
  4 quokkas
  4 frilled lizards
  3 rats (D:1)
76 creatures vanquished.

Notes
Turn   | Place    | Note
-------+----------+-------------------------------------------
     0 | D:1      | porpoise the Demonspawn Hunter began the quest for the Orb.
     0 | D:1      | Reached XP level 1. HP: 16/16 MP: 1/1
    29 | D:1      | Gained mutation: You are partially covered in thin metallic
                  | scales. (AC +2) [demonic ancestry]
    29 | D:1      | Reached XP level 2. HP: 22/22 MP: 2/2
    40 | D:1      | Reached skill level 4 in Ranged Weapons
   290 | D:1      | Gained mutation: You are mostly covered in thin metallic
                  | scales. (AC +3) [demonic ancestry]
   290 | D:1      | Reached XP level 3. HP: 28/28 MP: 3/3
   672 | D:2      | Noticed Jessica
   678 | D:2      | Killed Jessica
   798 | D:2      | Found Wolepp's Antique Weapon Shop.
   816 | D:2      | Found Punwui's Antique Weapon Emporium.
   937 | D:2      | Gained mutation: A meltable shield of frost defends you.
                  | (SH +4) [demonic ancestry]
   937 | D:2      | Reached XP level 4. HP: 34/34 MP: 4/4
   986 | D:2      | Noticed Terence
   997 | D:2      | Killed Terence
  1414 | D:3      | Reached skill level 5 in Ranged Weapons
  1746 | D:3      | Noticed Ijyb
  2430 | D:4      | Gained mutation: You are completely covered in thin
                  | metallic scales. (AC +4, rElec) [demonic ancestry]
  2430 | D:4      | Reached XP level 5. HP: 41/41 MP: 5/5
  2929 | D:4      | Found a broken altar of Ashenzari.
  3585 | D:5      | Entered Level 5 of the Dungeon
  3585 | D:5      | Noticed a black bear
  3593 | D:4      | Reached XP level 6. HP: 48/48 MP: 6/6
  3716 | D:5      | Reached skill level 6 in Ranged Weapons
  3813 | D:4      | Slain by an ufetubus

Illustrated notes

Levels and vault maps discovered:
D:1:      dpeg_arrival_solitude, layout_rooms, supply_closet_lemuel
D:2:      layout_loops_ring, serial_shops, shop,
          nicolae_shop_pleasant_corner_grove, uniq_jessica, uniq_terence
D:3:      layout_loops_ring, minmay_fountain_box, uniq_ijyb
D:4:      layout_loops_corners, lemuel_doored_altar
D:5:      layout_rooms, minmay_temple_entry_large_hall, kennysheep_nub,
          minivault_25, nicolae_elemental_shop

Skill      XL: |  1  2  3  4  5  6 |
---------------+-------------------+-----
Ranged Weapons | 4 5 6 |  6.0
Fighting       | 3 4 |  4.0
Dodging        | |  1.7
Stealth        | |  0.8

Action                     |  1- 3 |  4- 6 || total
---------------------------+-------+-------++-------
   Fire: Shortbow          |    73 |   139 ||   212
    Use: Scroll            |     1 |    11 ||    12
 Armour: Leather armour    |     8 |     5 ||    13
         Robe              |       |    24 ||    24
  Dodge: Dodged            |    10 |    65 ||    75
  Block: Other             |       |    14 ||    14
